 Dungeon Sprint DCSS version 0.26-a0-1184-g95e395e029 (webtiles) character file.

Game seed: 12535528730274966874

1537 rocky1 the Zephyrmancer (level 8, -1/45 HPs)
             Began as a Tengu Air Elementalist on Dec 28, 2020.
             Was a Priest of Sif Muna.
             Slain by a tengu warrior
             ... wielding a +0 war axe
              (21 damage)
             ... in the Dungeon (Sprint IX: "|||||||||||||||||||||||||||||").
             The game lasted 00:04:35 (789 turns).

rocky1 the Zephyrmancer (Tengu Air Elementalist)     Turns: 789, Time: 00:04:35

Health: -1/45      AC:  3    Str:  8    XL:     8   Next: 86%
Magic:  4/21       EV: 19    Int: 18    God:    Sif Muna [***...]
Gold:   0          SH:  0    Dex: 15    Spells: 8/23 levels left

rFire    . . .     SeeInvis .   p - +2 scimitar (holy)
rCold    . . .     Faith    .   (no shield)
rNeg     . . .     Spirit   .   a - +0 robe
rPois    .         Reflect  .   (helmet restricted)
rElec    .         Harm     .   (no cloak)
rCorr    .         Rampage  .   l - +0 pair of gloves
Will     .....     NoTele   +   (boots unavailable)
Stlth    ++........             (no amulet)
HPRegen  0.15/turn              (no ring)
MPRegen  0.17/turn              (no ring)

@: no status effects
A: beak, talons 3, able to fly
a: Fly, Renounce Religion, Channel Magic, Forget Spell


You were in the Dungeon.
You worshipped Sif Muna.
Sif Muna was most pleased with you.
You visited 1 branch

Inventory:

Hand Weapons
 p - a +2 scimitar of holy wrath (weapon)
Armour
 a - a +0 robe (worn)
 l - a +0 pair of gloves (worn)
 m - a +2 ring mail
Jewellery
 n - a +2 ring of protection
 o - a +2 ring of evasion
Wands
 k - a wand of iceblast (10)
Scrolls
 h - 2 scrolls of blinking
 i - 3 scrolls of remove curse
 j - 2 scrolls of amnesia
Potions
 b - a potion of invisibility
 c - 5 potions of curing
 d - 3 potions of heal wounds
 e - a potion of haste
 f - 4 potions of magic


   Skills:
 - Level 2.7 Fighting
 + Level 9.7 Dodging
 - Level 2.0 Stealth
 + Level 8.2 Spellcasting
 + Level 11.2 Conjurations
 + Level 11.7 Air Magic
 + Level 7.3 Invocations


You had 8 spell levels left.
You knew the following spells:

 Your Spells              Type           Power        Failure   Level
a - Shock                 Conj/Air       100%         1%          1
b - Swiftness             Air            49%          1%          2
c - Static Discharge      Conj/Air       48%          1%          3
d - Airstrike             Air            24%          1%          4
e - Lightning Bolt        Conj/Air       24%          2%          5

Your spell library contained the following spells:

 Spells                   Type           Power        Failure   Level


Dungeon Overview and Level Annotations

Branches:
Dungeon (1/1)

Altars:
Cheibriados
Dithmenos
Elyvilon
Fedhas
Gozag
Hepliaklqana
Kikubaaqudgha
Makhleb
Nemelex Xobeh
Okawaru
Qazlal
Ru
Sif Muna
Trog
Uskayaw
Vehumet
Wu Jian
Xom
Yredelemnul
Zin
The Shining One
Beogh
Jiyva
Lugonu


Innate Abilities, Weirdness & Mutations

You have a beak for a mouth.
You have claws for feet.
You can fly continuously.


Message History

The bolt of lightning hits the troll!!
You kill the troll!
Sif Muna accepts your kill.
You feel less invigorated.
The tengu warrior hits you with a +0 war axe.
The tengu warrior completely misses you.
The tengu warrior barely misses you.
Your Spellcasting skill increases to level 8!
Your Conjurations skill increases to level 11!
Your Invocations skill increases to level 7!
Casting: Lightning Bolt (dangerous; 2% risk of failure)
Confirm with . or Enter, or press ? or * to list all spells.
Aiming: Lightning Bolt (dangerous; 2% risk of failure)
Press: ? - help, Shift-Dir - straight line, f - tengu warrior
Aim: a tengu warrior, wielding a +0 war axe, wearing a +0 ring mail and wearing a +0 kite shield (severely wounded, 57% to evade)
You hear a mighty clap of thunder!
The bolt of lightning hits the tengu warrior.
The tengu warrior is severely wounded.
The tengu warrior hits you with a +0 war axe!!
You die...

▓.▓
▓.▓
▓)▓
▓.▓
▓.▓
▓.▓
▓)▓
▓.▓
▓@▓
▓Q▓
▓†▓
▓)▓
▓†▓
▓.▓
▓.▓
▓.▓


You could see a tengu warrior.

Vanquished Creatures
  A centaur warrior (D)
  A troll (D)
  A slime creature (D)
  An orc warrior (D)
  A sky beast (D)
  A centaur (D)
  A big kobold (D)
  A bullfrog (D)
  A killer bee (D)
  An iguana (D)
  A worker ant (D)
  An orc wizard (D)
  A gnoll (D)
  A dart slug (D)
  An orc (D)
  A goblin (D)
  A quokka (D)
  2 bats (D)
  A frilled lizard (D)
  A quokka zombie (D)
21 creatures vanquished.

Notes
Turn   | Place    | Note
-------+----------+-------------------------------------------
     0 | D        | rocky1 the Tengu Air Elementalist began the quest for the
                  | Orb.
     0 | D        | Reached XP level 1. HP: 10/10 MP: 4/4
     1 | D        | Banished a spatial maelstrom
     6 | D        | Reached skill level 1 in Fighting
   144 | D        | Noticed a worker ant
   147 | D        | Reached XP level 2. HP: 16/16 MP: 2/6
   148 | D        | Reached skill level 5 in Air Magic
   203 | D        | Reached XP level 3. HP: 5/22 MP: 0/8
   451 | D        | Found a roughly hewn altar of Beogh.
   451 | D        | Found a snail-covered altar of Cheibriados.
   451 | D        | Found a shadowy altar of Dithmenos.
   451 | D        | Found a white marble altar of Elyvilon.
   451 | D        | Found a blossoming altar of Fedhas.
   451 | D        | Found an opulent altar of Gozag.
   452 | D        | Found a hazy altar of Hepliaklqana.
   453 | D        | Found a viscous altar of Jiyva.
   454 | D        | Found an ancient bone altar of Kikubaaqudgha.
   455 | D        | Found a corrupted altar of Lugonu.
   456 | D        | Found a burning altar of Makhleb.
   457 | D        | Found a sparkling altar of Nemelex Xobeh.
   458 | D        | Found an iron altar of Okawaru.
   459 | D        | Found a stormy altar of Qazlal.
   460 | D        | Found a sacrificial altar of Ru.
   461 | D        | Found a shimmering blue altar of Sif Muna.
   462 | D        | Found a bloodstained altar of Trog.
   463 | D        | Found a hide-covered altar of Uskayaw.
   464 | D        | Found a radiant altar of Vehumet.
   465 | D        | Found an ornate altar of the Wu Jian Council.
   466 | D        | Found a shimmering altar of Xom.
   467 | D        | Found a basalt altar of Yredelemnul.
   468 | D        | Found a glowing silver altar of Zin.
   469 | D        | Became a worshipper of Sif Muna the Loreminder
   470 | D        | Found a glowing golden altar of the Shining One.
   515 | D        | Noticed a big kobold
   515 | D        | Noticed a bullfrog
   515 | D        | Noticed a sky beast
   515 | D        | Noticed a centaur
   515 | D        | Noticed an orc warrior
   521 | D        | Killed a centaur
   522 | D        | Reached skill level 5 in Dodging
   522 | D        | Reached XP level 4. HP: 27/27 MP: 2/11
   522 | D        | Gained mutation: You can fly continuously. [Tengu growth]
   522 | D        | Reached XP level 5. HP: 31/31 MP: 2/12
   523 | D        | Reached * piety under Sif Muna
   524 | D        | Reached skill level 5 in Spellcasting
   525 | D        | Killed a big kobold
   526 | D        | Reached XP level 6. HP: 36/36 MP: 1/15
   530 | D        | Killed a sky beast
   534 | D        | Killed an orc warrior
   534 | D        | Reached ** piety under Sif Muna
   535 | D        | Reached skill level 5 in Invocations
   535 | D        | Reached XP level 7. HP: 14/40 MP: 2/17
   759 | D        | Learned a level 2 spell: Swiftness
   763 | D        | Learned a level 3 spell: Static Discharge
   768 | D        | Learned a level 4 spell: Airstrike
   774 | D        | Learned a level 5 spell: Lightning Bolt
   781 | D        | Noticed a centaur warrior
   781 | D        | Noticed a tengu warrior
   781 | D        | Noticed a slime creature
   781 | D        | Noticed a troll
   786 | D        | Killed a slime creature
   787 | D        | Reached skill level 10 in Air Magic
   787 | D        | Killed a centaur warrior
   788 | D        | Reached skill level 10 in Conjurations
   788 | D        | Reached XP level 8. HP: 22/45 MP: 8/20
   788 | D        | Reached *** piety under Sif Muna
   788 | D        | Killed a troll
   789 | D        | Slain by a tengu warrior

Illustrated notes

Levels and vault maps discovered:
D:        linesprint [early_d, line_temple, items_1, d_10, items_2, lair_1,
          lair_end, items_3, orc_1, orc_end, items_4, d_15, swamp_1, shoals_1,
          snake_1, spider_1, d_20, vaults_1, items_5, swamp_end, shoals_end,
          snake_end, spider_end, vaults_end, d_27, items_6, zot_1, zot_end,
          crypt_end, forest_end, elf_end, slime_end, tomb_end, abyss_end,
          pan_hell_end]

Skill      XL: |  1  2  3  4  5  6  7  8 |
---------------+-------------------------+-----
Fighting       | 1 2 |  2.7
Conjurations   | 2 4 6 7 8 10 11 | 11.2
Dodging        | 3 5 6 7 9 |  9.7
Air Magic      | 5 7 8 9 11 | 11.7
Spellcasting   | 3 4 5 6 7 8 |  8.2
Invocations    | 2 4 5 6 7 |  7.3
Stealth        | |  2.0

Action                   |  1- 3 |  4- 6 |  7- 9 || total
-------------------------+-------+-------+-------++-------
Melee: Kick              |     1 |     3 |       ||     4
       Unarmed           |     1 |       |       ||     1
       Scimitar          |       |    10 |       ||    10
       Peck              |       |     1 |       ||     1
 Cast: Shock             |    18 |     2 |       ||    20
       Lightning Bolt    |       |       |     6 ||     6
       Static Discharge  |       |       |     1 ||     1
Invok: Channel Magic     |       |       |     1 ||     1
  Use: Potion            |       |     1 |       ||     1
Dodge: Dodged            |     9 |     4 |     7 ||    20
       Rpst.: Scimitar   |     1 |       |     1 ||     2

Table legend: (Time is in decaauts)
 A = Elapsed time spent in this place.
 B = Non-inter-level travel time spent in this place.
 C = Inter-level travel time spent in this place.
 D = Time resting spent in this place.
 E = Time spent auto-exploring this place.
 F = Levels seen in this place.
 G = Mean time per level.
                   A        B        C        D        E       F      G
               +--------+--------+--------+--------+--------+-----+--------+
         Total |    801 |    801 |      0 |    652 |      0 |   1 |  801.0 |
       Dungeon |    801 |    801 |      0 |    652 |      0 |   1 |  801.0 |
               +--------+--------+--------+--------+--------+-----+--------+

Top non-repeatable levels by time:
       D: 801 daAuts
